 Dungeon Crawl Stone Soup version 0.19-a0-1193-g2641e52 (webtiles) character file.

2 inmateoo the Vexing (level 1, 0/12 HPs)
             Began as a Gargoyle Arcane Marksman on Aug 19, 2016.
             Slain by a goblin (2 damage)
             ... on level 1 of the Dungeon.
             The game lasted 00:00:35 (150 turns).

inmateoo the Vexing (Gargoyle Arcane Marksman)       Turns: 150, Time: 00:00:36

Health: 0/12       AC:  4    Str: 14    XL:     1   Next: 40%
Magic:  2/2        EV: 12    Int: 13    God:
Gold:   0          SH:  0    Dex:  9    Spells: 1 memorised, 1 level left

rFire  . . .     SeeInvis .     h - +0 club
rCold  . . .     Gourm    .     a - +0 robe
rNeg   + . .     Faith    .     (no shield)
rPois  ∞         Spirit   .     (no helmet)
rElec  +         Dismiss  .     (no cloak)
rCorr  .         Reflect  .     (no gloves)
MR     .....     Harm     .     (no boots)
Stlth  +.........               (no amulet)
                                (no ring)
                                (no ring)

@: no status effects
A: negative energy resistance 1, electricity resistance, unbreathing,
petrification resistance, rot immunity, AC +2
a: no special abilities


You were on level 1 of the Dungeon.
You were not hungry.

You visited 1 branch of the dungeon, and saw 1 of its levels.

Inventory:

Hand Weapons
 h - a +0 club (weapon)
Missiles
 c - 5 javelins (quivered)
 d - 2 throwing nets
Armour
 a - a +0 robe (worn)
Scrolls
 e - a scroll of blinking {unknown}
 g - a scroll of identify {unknown}
Books
 b - a book of Debilitation

   Spells                             Type                      Level
   a - Corona                         Hexes                        1
   b - Slow                           Hexes                        2
   c - Gell's Gravitas                Hexes/Translocation          3
   d - Inner Flame                    Hexes/Fire                   3
   e - Cause Fear                     Hexes                        4
   f - Leda's Liquefaction            Hexes/Earth                  4
Comestibles
 f - 3 bread rations


   Skills:
 + Level 1.5 Fighting
 - Level 1.7 Throwing
 - Level 1.5 Dodging
 - Level 1.0 Spellcasting
 - Level 2.6 Hexes


You had one spell level left.
You knew the following spells:

 Your Spells              Type           Power        Failure   Level  Hunger
a - Corona                Hex            #......      12%         1    ##.....


Dungeon Overview and Level Annotations

Branches:
Dungeon (1/15)

Altars:


Innate Abilities, Weirdness & Mutations

You are resistant to torment.
Your stone body is resilient. (AC +2)
You are immune to poison.
You resist negative energy. (rN+)
You are resistant to electric shocks. (rElec)
You can survive without breathing.
You are immune to petrification.
You are immune to rotting.


Message History

You completely miss the ooze. The giant cockroach barely misses you.
The goblin hits you. The ooze hits you but does no damage.
The giant cockroach bites you but does no damage.
You hit the goblin.
The goblin is moderately wounded.
The goblin hits you.
You closely miss the goblin.
The goblin is moderately wounded.
The goblin hits you. The goblin hits you but does no damage.
You barely miss the goblin.
The goblin is moderately wounded.
The goblin closely misses you.
You hit the goblin.
The goblin is heavily wounded.
The goblin hits you.
* * * LOW HITPOINT WARNING * * *
You barely miss the goblin.
The goblin is heavily wounded.
The goblin hits you.
You die...

#.........#..#..#.X≈
#........#......#.≈≈
#...........>...#.≈≈
##.#.(..........#.≈≈
#.......#..#...#...
##.............####
#..###....##......
#.## #...###(.....
#@# #...# #......
#g####...# ##.....
#J##....## .###.
#s.#.#.#####..#
#............#
#............#.
#..............
##..........?.#.
##............##


You could see an ooze, a giant cockroach and a goblin.

Vanquished Creatures
  A bat (D:1)
  A kobold (D:1)
2 creatures vanquished.

Vanquished Creatures (others)
  2 octopodes (D:1)
  An elf (D:1)
  2 spriggans (D:1)
  A vampire (D:1)
  2 dwarves (D:1)
  3 ogres (D:1)
  2 centaurs (D:1)
  A mummy (D:1)
  A kobold (D:1)
  5 tentacles (D:1)
20 creatures vanquished.

Grand Total: 22 creatures vanquished

Notes
Turn   | Place    | Note
-------+----------+-------------------------------------------
     0 | D:1      | inmateoo the Gargoyle Arcane Marksman began the quest for the Orb.
     0 | D:1      | Reached XP level 1. HP: 12/12 MP: 2/2
     2 | D:1      | Noticed a spriggan
     2 | D:1      | Noticed a dwarf
     2 | D:1      | Noticed a spriggan
     2 | D:1      | Noticed an ogre
     2 | D:1      | Noticed an ogre
     2 | D:1      | Noticed an elf
     2 | D:1      | Noticed a dwarf
     2 | D:1      | Noticed an ogre
     2 | D:1      | Noticed a kraken
     2 | D:1      | Noticed a vampire
     2 | D:1      | Noticed an octopode
     2 | D:1      | Noticed a centaur
     2 | D:1      | Noticed an octopode
     2 | D:1      | Noticed a centaur
     3 | D:1      | Killed an ogre
     7 | D:1      | Killed an elf
     8 | D:1      | Killed a spriggan
     9 | D:1      | Killed a dwarf
    10 | D:1      | Killed an ogre
    10 | D:1      | Killed an octopode
    11 | D:1      | Killed an octopode
    11 | D:1      | Killed a spriggan
    12 | D:1      | Killed a vampire
    13 | D:1      | Killed a dwarf
    14 | D:1      | Killed a centaur
    14 | D:1      | Killed a centaur
    14 | D:1      | Killed an ogre
   150 | D:1      | Slain by a goblin

Vault maps used:
D:1:      nicolae_arrival_kraken_aquarium_b, minmay_pentomino_q2

Action                   || total
-------------------------++-------
Melee: Unarmed           ||    18
       Club              ||    12
Armor: Robe              ||    18
Dodge: Dodged            ||    31
